 Dungeon Crawl Stone Soup version 0.17-a0-18-gc25b939 (webtiles) character file.

2615 Kaesh the Ruffian (level 9, -6/79 HPs)
             Began as a Troll Monk on Mar 8, 2015.
             Was a High Priest of Makhleb.
             Mangled by an orc warrior
             ... wielding a +0 hand axe
              (10 damage)
             ... on level 7 of the Dungeon.
             The game lasted 00:30:37 (6019 turns).

Kaesh the Ruffian (Troll Monk)                      Turns: 6019, Time: 00:30:37

Health: -6/79      AC:  6    Str: 21    XL:     9   Next: 34%
Magic:  11/11      EV: 12    Int:  6    God:    Makhleb [*****.]
Gold:   304        SH:  0    Dex: 13    Spells: 0 memorised, 8 levels left

rFire  . . .     SeeInvis .       - Unarmed
rCold  . . .     Clarity  .     a - +0 robe
rNeg   . . .     SustAb   .     (shield restricted)
rPois  .         Gourm    +     E - +0 hat
rElec  .         Spirit   .     p - +0 cloak
rCorr  .         Warding  .     (gloves unavailable)
rMut   .         Stasis   .     (boots unavailable)
MR     .....                    g - amulet of regeneration
Stlth  +.........               s - ring of ice
                                q - ring of fire

@: not resistant to hostile enchantments, very unstealthy
A: unfitting armour, claws 3, fangs 1, clumsy 1, fast metabolism 3, frail 1,
gourmand, regeneration 2, shaggy fur 1, tough skin 2
a: Minor Destruction, Lesser Servant of Makhleb, Major Destruction, Greater
Servant of Makhleb, Renounce Religion


You were on level 7 of the Dungeon.
You worshipped Makhleb.
Makhleb was extremely pleased with you.
You were not hungry.

You visited 1 branch of the dungeon, and saw 7 of its levels.

You collected 304 gold pieces.

Inventory:

Hand weapons
 v - the +5 spear of Instant Death {drain, rC+ MP-9 Int+5 Dex-2}
   (You found it on level 5 of the Dungeon)

   A truly terrible weapon, it drains the life of those it strikes.
   It affects your intelligence (+5).
   It affects your dexterity (-2).
   It protects you from cold.
   It affects your magic capacity (-9).
Armour
 a - a +0 robe (worn)
 p - a +0 cloak (worn)
 E - a +0 hat (worn)
Jewellery
 f - an uncursed ring of magical power {unknown}
 g - an amulet of regeneration (around neck)
 q - a ring of fire (left claw)
 s - a ring of ice (right claw)
Magical devices
 o - a wand of random effects (26)
 y - a wand of digging (18)
Scrolls
 c - 3 scrolls of random uselessness {unknown}
 e - 6 scrolls of identify {unknown}
 h - a scroll of fear {unknown}
 i - a scroll of teleportation {unknown}
 j - a scroll of recharging {unknown}
 l - a scroll of amnesia {unknown}
 m - a scroll of remove curse {unknown}
 r - a scroll of fog {unknown}
 w - a scroll of magic mapping {unknown}
 x - a scroll of enchant weapon {unknown}
 B - a scroll of noise {unknown}
 C - a scroll of blinking {unknown}
Potions
 k - 9 potions of curing
 t - a potion of poison {unknown}
 A - a potion of cancellation {unknown}
Books
 D - a book of Party Tricks

   Spells                             Type                      Level
   a - Summon Butterflies             Summoning                    1
   b - Apportation                    Translocation                1
   c - Tukima's Dance                 Hexes                        3
   d - Alistair's Intoxication        Transmutation/Poison         4
   e - Invisibility                   Hexes                        6
 F - a book of Power

   Spells                             Type                      Level
   a - Fulminant Prism                Conjuration/Hexes            4
   b - Iskenderun's Mystic Blast      Conjuration                  4
   c - Venom Bolt                     Conjuration/Poison           5
   d - Bolt of Magma                  Conjuration/Fire/Earth       5
   e - Iron Shot                      Conjuration/Earth            6
   f - Orb of Destruction             Conjuration                  7
   g - Spellforged Servitor           Conjuration/Summoning        7
Comestibles
 b - 4 meat rations
 d - 3 beef jerkies
 n - a bread ration
 u - a slice of pizza
 G - 2 fruits


   Skills:
 + Level 5.1 Fighting
 + Level 4.6 Armour
 + Level 5.6 Dodging
 - Level 1.1 Stealth
 + Level 6.8 Unarmed Combat
 + Level 4.9 Invocations


You had 8 spell levels left.
You didn't know any spells.

Dungeon Overview and Level Annotations

Branches:
Dungeon (7/15)             Temple (0/1) D:5

Altars:
Ashenzari
Elyvilon
Makhleb
Okawaru
Qazlal
Ru
Trog

Shops:
D:5 *   D:6 *


Innate Abilities, Weirdness & Mutations

You are too large for most types of armour.
You have claws for hands.
Your metabolism is lightning-fast.
You like to eat raw meat.
You heal very quickly.
You are covered in fur (AC +1).
You have very tough skin (AC +2).
You have very sharp teeth.
You are clumsy. (Dex -2)
You are frail (-10% HP).


Message History

* * * LOW HITPOINT WARNING * * *
The orc priest hits you with a dagger.
* * * LOW HITPOINT WARNING * * *
You claw the orc priest!
You kill the orc priest!
Makhleb accepts your kill.
You feel a little better.
The orc warrior hits you with a hand axe!!
* * * LOW HITPOINT WARNING * * *
The orc warrior barely misses you.
An orc priest comes into view.
Things that are here:
a dagger; a chain mail; an orc corpse You are too injured to fight recklessly!
You are too injured to fight recklessly!
You are too injured to fight recklessly!
You claw the orc warrior! Your bite misses the orc warrior.
The orc warrior is almost dead.
The orc warrior hits you with a hand axe!
You die...

#........#...#..#
#....#.#.#...#..#
###......#.....#..#
#.....#..#.#...#..#
##.#.#.#..>.....#..#
#......#.##.###....#
#....(.............#
#.#.....#####.###.####
#.#.............@o#
.......#########o.#
#.#.#..# .....
.......# ##..###
.......######.##...
.......รท......##$###
.......#########.#
..........# ..#
.......##.# ###


You could see an orc warrior (bleeding) and an orc priest.

Vanquished Creatures
  The ghost of Poody the Geomancer, an experienced GrEE of Vehumet (D:4)
  Grinder (D:4)
  Prince Ribbit (D:3)
  Edmund (D:4)
  An orc warrior (D:6)
  2 black bears (D:7)
  A centaur (D:5)
  Duvessa (D:4)
  2 giant frogs
  A gnoll sergeant (D:7)
  A scorpion (D:4)
  A water moccasin skeleton (D:5)
  Dowan (D:4)
  A crimson imp (D:7)
  A goliath beetle (D:7)
  3 hounds
  9 orc priests
  Crazy Yiuf (D:3)
  7 orc wizards
  6 worker ants
  An iguana (D:4)
  Ijyb (D:3)
  A hound skeleton (D:5)
  Robin (D:2)
  9 gnolls
  4 adders
  A shadow imp (D:5)
  4 worms
  An adder skeleton (D:4)
  4 giant geckos
  An ooze (D:3)
  25 orcs
  2 ball pythons
  11 bats
  2 bat skeletons
  4 giant cockroaches
  20 goblins
  16 hobgoblins
  9 jackals
  9 kobolds
  A quokka (D:7)
  6 giant newts
  18 rats
194 creatures vanquished.

Vanquished Creatures (others)
  An ogre (D:5)
  5 orcs (D:5)
  A giant spore (D:6)
7 creatures vanquished.

Grand Total: 201 creatures vanquished

Notes
Turn   | Place    | Note
--------------------------------------------------------------
     0 | D:1      | Kaesh, the Troll Monk, began the quest for the Orb.
     0 | D:1      | Reached XP level 1. HP: 22/22 MP: 1/1
    98 | D:1      | Found a shattered altar of Ashenzari.
   235 | D:1      | Reached XP level 2. HP: 29/29 MP: 1/1
   340 | D:1      | Found a burning altar of Makhleb.
   360 | D:1      | Became a worshipper of Makhleb the Destroyer
   360 | D:1      | Acquired Makhleb's first power
   360 | D:1      | Acquired Makhleb's second power
   675 | D:2      | Reached XP level 3. HP: 36/36 MP: 2/2
   720 | D:2      | Noticed Robin
   736 | D:2      | Killed Robin
   742 | D:2      | Reached skill level 1 in Armour
   750 | D:2      | Acquired Makhleb's third power
   781 | D:2      | Found a white marble altar of Elyvilon.
   807 | D:2      | Reached skill level 1 in Invocations
   807 | D:2      | Reached XP level 4. HP: 45/45 MP: 2/2
  1457 | D:3      | Noticed Ijyb
  1462 | D:3      | Killed Ijyb
  1584 | D:3      | Acquired Makhleb's fourth power
  1584 | D:3      | Reached XP level 5. HP: 34/53 MP: 3/3
  1615 | D:3      | Found a stormy altar of Qazlal.
  1942 | D:3      | Noticed Crazy Yiuf
  1959 | D:3      | Killed Crazy Yiuf
  2051 | D:4      | Noticed Dowan
  2051 | D:4      | Noticed Prince Ribbit
  2065 | D:4      | Noticed Duvessa
  2120 | D:4      | Noticed Grinder
  2121 | D:4      | Paralysed by Grinder for 2 turns
  2135 | D:4      | HP: 2/53 [Grinder (5)]
  2136 | D:4      | Killed Grinder
  2136 | D:4      | Reached XP level 6. HP: 9/61 MP: 5/5
  2204 | D:4      | Gained mutation: You are frail (-10% HP). [potion of mutation]
  2204 | D:4      | Gained mutation: You have very sharp teeth. [potion of mutation]
  2204 | D:4      | Gained mutation: You are clumsy. (Dex -2) [potion of mutation]
  2246 | D:4      | Killed Duvessa
  2248 | D:4      | Noticed Edmund
  2277 | D:4      | Reached skill level 5 in Unarmed Combat
  2315 | D:4      | Killed Dowan
  2315 | D:4      | Reached XP level 7. HP: 45/61 MP: 5/5
  2343 | D:4      | Killed Edmund
  2678 | D:4      | Noticed Poody's ghost (experienced GrEE)
  2708 | D:4      | Killed Poody's ghost
  2917 | D:3      | HP: 2/63 [Prince Ribbit (9)]
  2923 | D:3      | Killed Prince Ribbit
  2923 | D:3      | Reached XP level 8. HP: 6/70 MP: 8/8
  3348 | D:5      | Entered Level 5 of the Dungeon
  3368 | D:5      | Found an iron altar of Okawaru.
  3474 | D:5      | Noticed a moth of wrath
  3475 | D:5      | Found a bloodstained altar of Trog.
  3487 | D:5      | Acquired Makhleb's fifth power
  3524 | D:5      | Got a shimmering spear
  3525 | D:5      | Identified the +5 spear of Instant Death {drain, rC+ MP-9 Int+5 Dex-2} (You found it on level 5 of the Dungeon)
  3548 | D:5      | Found Pnaod's Elemental Accessories.
  3560 | D:5      | Reached skill level 6 in Unarmed Combat
  4019 | D:5      | Found a staircase to the Ecumenical Temple.
  4186 | D:5      | Reached skill level 5 in Dodging
  4925 | D:6      | Found Pots' General Store.
  5211 | D:6      | Reached XP level 9. HP: 62/78 MP: 11/11
  5375 | D:7      | Reached skill level 5 in Fighting
  5864 | D:7      | Found a sacrificial altar of Ru.
  5864 | D:7      | Found a shattered altar of Ashenzari.
  6017 | D:7      | HP: 2/79 [orc warrior/hand axe (19)]
  6019 | D:7      | Mangled by an orc warrior

Action                   |  1- 3 |  4- 6 |  7- 9 || total
-------------------------+-------+-------+-------++-------
Melee: Unarmed           |    93 |   142 |   400 ||   635
  Use: Potion            |       |     6 |     3 ||     9
 Stab: Sleeping          |     1 |       |     3 ||     4
  Eat: Chunk             |     9 |    14 |    36 ||    59
